 Dungeon Crawl Stone Soup version 0.29.1-12-g30fa7ad0bf (webtiles) character file.

Game seed: 7908905113349697605

848 mampy3000 the Chopper (level 7, -1/61 HPs)
             Began as a Minotaur Berserker on Dec 30, 2022.
             Was a Believer of Trog.
             Killed from afar by a steam dragon (22 damage)
             ... with a ball of steam
             ... on level 6 of the Dungeon.
             The game lasted 00:11:35 (5384 turns).

mampy3000 the Chopper (Minotaur Berserker)          Turns: 5384, Time: 00:11:35

Health: -1/61      AC:  9    Str: 25    XL:     7   Next: 69%
Magic:  6/6        EV: 11    Int:  4    God:    Trog [**....]
Gold:   141        SH:  6    Dex: 11    Spells: 6/6 levels left

rFire   . . .      SeeInvis .   a - +0 hand axe
rCold   . . .      Faith    .   i - +2 buckler
rNeg    + + .      Spirit   .   t - +2 ring mail of Refuge {-Cast rElec rN++ Str+3}
rPois   .          Reflect  .   (helmet restricted)
rElec   +          Harm     .   f - +0 cloak
rCorr   .          Rampage  .   (no gloves)
Will    .....      NoCast   +   (no boots)
Stlth   +.........              (no amulet)
HPRegen 0.20/turn               (no ring)
MPRegen 0.10/turn               (no ring)

@: no status effects
A: horns 2, retaliatory headbutt, wild magic 1
a: Renounce Religion, Berserk, Trog's Hand


You were on level 6 of the Dungeon.
You worshipped Trog.
Trog was pleased with you.
You visited 1 branch of the dungeon, and saw 6 of its levels.

You collected 264 gold pieces.
You spent 123 gold pieces at shops.

Inventory:

Hand Weapons
 a - a +0 hand axe (weapon)
Missiles
 p - 12 poisoned darts (quivered)
 D - a throwing net
Armour
 f - a +0 cloak (worn)
 i - a +2 buckler (worn)
 t - the +2 ring mail of Refuge (worn) {-Cast rElec rN++ Str+3}
   (You found it on level 3 of the Dungeon)

   Str:       It affects your strength (+3).
   rElec:     It insulates you from electricity.
   rN:        It greatly protects you from negative energy.
   -Cast:     It prevents spellcasting.
 v - a +0 plate armour
Jewellery
 n - a ring of magical power
 r - an amulet of magic regeneration
Wands
 x - a wand of flame (11)
Scrolls
 b - a scroll of noise {unknown}
 d - 2 scrolls of torment {unknown}
 e - 2 scrolls of teleportation {unknown}
 g - a scroll of identify
 j - a scroll of poison {unknown}
 k - 2 scrolls of fog {unknown}
 m - 2 scrolls of enchant armour {unknown}
 u - a scroll of fear {unknown}
 w - a scroll of enchant weapon {unknown}
 y - a scroll of immolation {unknown}
 A - 2 scrolls of brand weapon {unknown}
 E - a scroll of summoning
Potions
 c - a potion of lignification {unknown}
 h - a potion of heal wounds {unknown}
 l - 2 potions of degeneration
 o - 3 potions of curing
 q - 3 potions of mutation
 s - a potion of attraction {unknown}
 z - a potion of ambrosia {unknown}
 B - a potion of haste {unknown}
 C - a potion of resistance {unknown}


   Skills:
 + Level 5.6 Fighting
 + Level 7.0 Axes
 + Level 5.7 Armour
 + Level 3.9 Dodging
 + Level 1.3 Stealth
 + Level 2.5 Shields


You had 6 spell levels left.
You didn't know any spells.
Your spell library was empty.

Dungeon Overview and Level Annotations

Branches:
Dungeon (6/15)             Temple (0/1) D:6

Altars:
Sif Muna
Vehumet

Shops:
D:6 (?


Innate Abilities, Weirdness & Mutations

You have a pair of horns on your head.
You reflexively headbutt those who attack you in melee.
Your spells are a little harder to cast, but a little more powerful.


Message History

No target in view!
No target in view!
No target in view!
Unknown command.
No target in view!
You are engulfed in a cloud of scalding steam.
You are engulfed in a cloud of scalding steam.
Things that are here:
a scroll of identify; a scroll labelled AFA YSMAOSCH You are too injured to fight recklessly!
You are too injured to fight recklessly!
You are too injured to fight recklessly!
You hit the steam dragon but do no damage.
You are engulfed in a cloud of scalding steam.
You block the steam dragon's attack.
The steam dragon claws you but does no damage.
You hit the steam dragon.
The steam dragon is lightly wounded.
You are engulfed in a cloud of scalding steam.
You block the steam dragon's attack.
The steam dragon claws you but does no damage.
You hit the steam dragon.
The steam dragon is moderately wounded.
A hound comes into view.
The steam dragon barely misses you. x2
The hound barks!
You hit the steam dragon but do no damage.
Your headbutt misses the steam dragon.
The steam dragon is moderately wounded.
You block the steam dragon's attack. x2
You closely miss the steam dragon. You headbutt the steam dragon!
The steam dragon is severely wounded.
The steam dragon closely misses you. You furiously retaliate!
You headbutt the steam dragon.
The steam dragon claws you but does no damage.
You hit the steam dragon but do no damage.
The steam dragon is severely wounded.
The steam dragon breathes steam at you. The ball of steam hits you!!
You die...

#.....................
##....#.......[.......
##...#...............
#...##..............
#######........#.... #
##...##..#.<.. #.###
##.## ..###
..#....#####..#
......D@.....##
.#.##..h.8[..#
#....>##....#
.....##8##.#....
#..... ######...).
#..... .... .....##
.... ..... ...


You could see a steam dragon (catching breath) and a hound.

Vanquished Creatures
  2 ogres (D:4)
  A necrophage (D:4)
  A scorpion (D:5)
  A jelly (D:5)
  A quasit (D:5)
  Crazy Yiuf (D:3)
  2 orc priests (D:6)
  4 hounds
  An orc wizard (D:3)
  3 iguanas
  7 adders
  A shadow imp (D:5)
  A white imp (D:5)
  2 dart slugs
  16 orcs
  5 bats
  6 endoplasms
  8 giant cockroaches
  7 goblins
  6 hobgoblins
  3 jackals (D:1)
  7 kobolds
  9 quokkas
  8 ball pythons
  A frilled lizard (D:3)
  7 rats
111 creatures vanquished.

Notes
Turn   | Place    | Note
-------+----------+-------------------------------------------
     0 | D:1      | mampy3000 the Minotaur Berserker began the quest for the
                  | Orb.
     0 | D:1      | Reached XP level 1. HP: 19/19 MP: 0/0
   338 | D:1      | Reached skill level 4 in Axes
   338 | D:1      | Reached XP level 2. HP: 27/27 MP: 1/1
   982 | D:2      | You fall into a shaft and drop 2 floors!
  1017 | D:2      | Reached XP level 3. HP: 25/33 MP: 2/2
  1162 | D:2      | Found a faded altar of an unknown god.
  2353 | D:3      | Reached XP level 4. HP: 41/41 MP: 3/3
  2395 | D:3      | Reached skill level 5 in Axes
  2745 | D:3      | Reached ** piety under Trog
  2792 | D:3      | Reached XP level 5. HP: 47/47 MP: 4/4
  2904 | D:3      | Found a radiant altar of Vehumet.
  3004 | D:3      | Identified the +2 ring mail of Refuge {-Cast rElec rN++
                  | Str+3}
  3047 | D:3      | Found a runed translucent door.
  3125 | D:3      | Noticed Crazy Yiuf
  3231 | D:3      | Killed Crazy Yiuf
  3471 | D:4      | Reached skill level 5 in Fighting
  3586 | D:4      | Reached skill level 1 in Shields
  3586 | D:4      | Reached XP level 6. HP: 56/56 MP: 5/5
  4122 | D:4      | Found a shimmering blue altar of Sif Muna.
  4153 | D:4      | Reached skill level 6 in Axes
  4168 | D:4      | Gained mutation: Your spells are a little harder to cast,
                  | but a little more powerful. [potion of mutation]
  4176 | D:4      | Reached skill level 1 in Stealth
  4360 | D:5      | Entered Level 5 of the Dungeon
  4382 | D:5      | Reached XP level 7. HP: 43/61 MP: 6/6
  4626 | D:5      | Reached skill level 5 in Armour
  5217 | D:6      | Found Diock's Magic Scroll Emporium.
  5278 | D:6      | Bought a scroll of summoning for 123 gold pieces
  5327 | D:6      | Reached skill level 7 in Axes
  5341 | D:6      | Found Ycioq's Hydra Hut.
  5344 | D:6      | Noticed a seven-headed hydra
  5370 | D:6      | Found a staircase to the Ecumenical Temple.
  5375 | D:6      | Noticed a steam dragon
  5384 | D:6      | Killed from afar by a steam dragon

Illustrated notes

Levels and vault maps discovered:
D:1:      wander_arrival_chamber, layout_basic, chequers_serial_rivers_small_a,
          nicolae_kite_square_tiling_tiny, hex_medium, minmay_stone_trees_small
D:2:      layout_basic, hellmonk_ecumenical_altar_arch_garden,
          nicolae_elevator_lobby_asterisk
D:3:      layout_rooms, mainiacjoe_overflow_alcove_1, portal_sewer_entry_a,
          minmay_misc_feat_encased, minmay_pentomino_pile,
          uniq_crazy_yiuf_cottage
D:4:      layout_basic, kennysheep_mini_moat, kennysheep_dice
D:5:      layout_rooms, serial_demonic, serial_demonic_g, serial_demonic_a,
          serial_demonic_f, serial_demonic_b, chequers_serial_rivers_micro_d
D:6:      layout_cave_pools, gammafunk_temple_overflow_claw, temple_statues,
          serial_shops, shop, doesnt_shop_hydraphobe

Skill      XL: |  1  2  3  4  5  6  7 |
---------------+----------------------+-----
Axes           | 4 5 6 7 |  7.0
Fighting       | 4 5 |  5.6
Armour         | 3 4 5 |  5.7
Dodging        | 3 |  3.9
Shields        | 1 2 |  2.5
Stealth        | 1 |  1.3

Action                   |  1- 3 |  4- 6 |  7- 9 || total
-------------------------+-------+-------+-------++-------
Melee: Hand axe          |    80 |   129 |    85 ||   294
       Headbutt          |    11 |    22 |    13 ||    46
Invok: Berserk           |       |     3 |     2 ||     5
  Use: Scroll            |       |     1 |     2 ||     3
       Potion            |       |     1 |       ||     1
Armor: Ring mail         |    29 |    33 |    20 ||    82
Dodge: Dodged            |    40 |    52 |    43 ||   135
Block: Buckler           |     7 |    20 |    26 ||    53
